 Dungeon Crawl Stone Soup version 0.30.1-11-g7821555f0a (webtiles) character file.

Game seed: 2788449033899939447

21 Peloso the Shield-Bearer (level 2, 27/27 HPs)
             Began as a Minotaur Fighter on Dec 29, 2023.
             Got out of the dungeon alive.
             The game lasted 00:00:46 (668 turns).

Peloso the Shield-Bearer (Minotaur Fighter)          Turns: 668, Time: 00:00:47

Health: 27/27      AC:  7    Str: 20    XL:     2   Next: 62%
Magic:  1/1        EV:  9    Int:  5    God:
Gold:   72         SH:  4    Dex:  9    Spells: 1/1 levels left

rFire   . . .        a - +0 long sword
rCold   . . .        c - +0 buckler
rNeg    . . .        b - +0 scale mail
rPois   .            (helmet restricted)
rElec   .            (no cloak)
rCorr   .            (no gloves)
SInv    .            (no boots)
Will    .....        (no amulet) Stlth
                     (no ring)
HPRegen 0.24/turn    (no ring)
MPRegen 0.07/turn

%: no passive effects
@: no status effects
A: horns 2, retaliatory headbutt, claws 1, teleportitis 1
a: no special abilities


You escaped.
You visited 1 branch of the dungeon, and saw 1 of its levels.

You collected 72 gold pieces.

Inventory:

Hand Weapons
 a - a +0 long sword (weapon)
Armour
 b - a +0 scale mail (worn)
 c - a +0 buckler (worn)
Scrolls
 f - a scroll of amnesia {unknown}
 g - a scroll of torment {unknown}
 h - a scroll of noise {unknown}
 i - a scroll of identify {unknown}
 k - a scroll of teleportation {unknown}
Potions
 d - a potion of might
 l - a potion of heal wounds {unknown}


   Skills:
 + Level 4.0 Fighting
 + Level 2.5 Long Blades
 + Level 4.0 Armour
 + Level 4.0 Shields


You had one spell level left.
You didn't know any spells.
Your spell library contained the following spells:

 Spells                   Type           Power      Damage    Failure   Level
 Magic Dart               Conj           0%         1d3       88%         1
 Summon Small Mammal      Summ           0%         N/A       88%         1
 Call Imp                 Summ           0%         N/A       95%         2
 Call Canine Familiar     Summ           0%         N/A       99%         3
 Mephitic Cloud           Conj/Pois/Air  0%         N/A       99%         3
 Summon Guardian Golem    Hex/Summ       0%         N/A       99%         3


Dungeon Overview and Level Annotations

Branches:
Dungeon (1/15)

Altars:


Innate Abilities, Weirdness & Mutations

You have a pair of horns on your head.
You reflexively headbutt those who attack you in melee.
You have sharp fingernails.
You are occasionally teleported next to monsters.


Message History

There is a stone staircase leading down here.
You open the door.
There is an open door here.
You open the door.
There is an open door here.
You open the door.
A kobold comes into view. It is wielding a +0 whip.
The kobold shouts!
A kobold is nearby!
A kobold is nearby!
A kobold is nearby!
You miss the kobold. The kobold hits you but does no damage.
You miss the kobold. The kobold completely misses you.
The kobold hits you with a +0 whip.
You barely miss the kobold. The kobold hits you but does no damage.
You closely miss the kobold. You headbutt the kobold.
You kill the kobold!
Your Fighting skill increases to level 4!
There is an open door here.
Things that are here:
a +0 whip; a kobold corpse Done exploring.
Done exploring.
Done exploring.
Done exploring.
It was a potion of curing.
You feel better.
It was a potion of mutation.
You feel extremely strange.
You feel weirdly uncertain.
Your fingernails lengthen.
(D) Dungeon
Where to? (? - help)
What level of the Dungeon? (default 1, ? - help)
There is an open door here.
Things that are here:
a +0 whip; a kobold corpse
There is an open door here.
There is an open door here.
There is an open door here.
There is a staircase leading out of the dungeon here.
Are you sure you want to leave the Dungeon?
This will make you lose the game!
You have escaped!

#### ####
##..##########..## ###
#....#......#....# #.#
#....#......'...@# #.#
##..##########..##♣♣ #..
##)#...8....##'#..♣♣ #.#
#..#.P.P.P..#..#...♣♣♣
#.#
#..#..P.P.P.#..#.....♣♣
#.#
#..#.....P..#..#......♣♣
#.#
#..#....P.P.#..#.......♣
#.#
#..#.P...P..#..#.......♣#
#.#
#..#..P.P...............#
#..


There were no monsters in sight!

Vanquished Creatures
  3 dart slugs (D:1)
  2 endoplasms (D:1)
  2 giant cockroaches (D:1)
  2 hobgoblins (D:1)
  2 kobolds (D:1)
  A ball python (D:1)
  A rat (D:1)
13 creatures vanquished.

Notes
Turn   | Place    | Note
-------+----------+-------------------------------------------
     0 | D:1      | Peloso the Minotaur Fighter began the quest for the Orb.
     0 | D:1      | Reached XP level 1. HP: 19/19 MP: 0/0
   144 | D:1      | Reached XP level 2. HP: 26/27 MP: 1/1
   638 | D:1      | Gained mutation: You are occasionally teleported next to
                  | monsters. [potion of mutation]
   638 | D:1      | Gained mutation: You have sharp fingernails. [potion of
                  | mutation]
   668 | D:$      | Got out of the dungeon alive.

Illustrated notes

Levels and vault maps discovered:
D:1:      sevenhm_arrival_forest_fort_large_4, layout_basic,
          minmay_misc_feat_nine_boxes, chequers_serial_rivers_micro_c

Skill      XL: |  1  2 |
---------------+-------+-----
Shields        | 4 |  4.0
Armour         | 4 |  4.0
Fighting       | 4 |  4.0
Long Blades    | |  2.5

Action                     || total
---------------------------++-------
  Melee: Long sword        ||    27
         Headbutt          ||     5
    Use: Potion            ||     2
 Armour: Scale mail        ||    11
  Dodge: Dodged            ||    15
  Block: Buckler           ||     8
